 Dungeon Crawl Stone Soup version 0.17.0-26-gececa24 (webtiles) character file.

85 homeworkjunkie the Sneak (level 4, -5/23 HPs)
             Began as a Spriggan Assassin on Nov 19, 2015.
             Killed by divine providence
             ... invoked by an orc priest
              (11 damage)
             ... on level 3 of the Dungeon.
             The game lasted 00:03:38 (1836 turns).

homeworkjunkie the Sneak (Spriggan Assassin)        Turns: 1836, Time: 00:03:39

Health: -5/23      AC:  3    Str:  7    XL:     4   Next: 25%
Magic:  5/5        EV: 18    Int: 12    God:
Gold:   54         SH:  0    Dex: 18    Spells: 0 memorised, 3 levels left

rFire  . . .     SeeInvis +     b - +0 blowgun
rCold  . . .     Clarity  .     c - +0 robe
rNeg   . . .     SustAt   +     (shield restricted)
rPois  .         Gourm    .     (helmet restricted)
rElec  .         Spirit   .     d - +0 cloak
rCorr  .         Warding  .     (gloves unavailable)
rMut   .         Stasis   .     (boots unavailable)
MR     .....                    (no amulet)
Stlth  ++++......               (no ring)
                                n - ring of sustain attributes

@: very quick, not resistant to hostile enchantments, stealthy
A: unfitting armour, see invisible, herbivore 3, speed 3, slow metabolism 2
a: no special abilities


You were on level 3 of the Dungeon.
You were not hungry.

You visited 1 branch of the dungeon, and saw 4 of its levels.

You collected 54 gold pieces.

Inventory:

Hand Weapons
 a - a +1 rapier of venom
 b - a +0 blowgun (weapon)
 i - a +2 dagger
 m - a +0 hunting sling
Missiles
 e - 7 poisoned needles (quivered)
 f - 2 curare-tipped needles
Armour
 c - a +0 robe (worn)
 d - a +0 cloak (worn)
Jewellery
 n - a ring of sustain attributes (left hand)
Scrolls
 o - a scroll of magic mapping {unknown}
Potions
 j - a potion of lignification {unknown}
 k - a potion of degeneration {unknown}
 l - a potion of might {unknown}
 p - a potion of ambrosia
 q - a potion of heal wounds
Comestibles
 g - 4 bread rations
 h - 4 fruits


   Skills:
 * Level 1.9 Fighting
 * Level 2.6 Short Blades
 * Level 2.4 Throwing
 * Level 2.7 Dodging
 * Level 7.3 Stealth


You had 3 spell levels left.
You didn't know any spells.

Dungeon Overview and Level Annotations

Branches:
Dungeon (4/15)
 Temple: D:4-7

Altars:
Gozag
Makhleb


Innate Abilities, Weirdness & Mutations

You are tiny and cannot use many weapons and most armour.
You have supernaturally acute eyesight.
You are a herbivore.
You cover ground extremely quickly.
You need consume almost no food.


Message History

Something smites you!
Ouch! That really hurt!
* * * LOW HITPOINT WARNING * * *
Wield which item (- for none, * to show all)? (? for menu, Esc to quit)
Your +1 rapier of venom stops dripping with poison.
b - a +0 blowgun (weapon)
The bat barely misses you. The bat closely misses you.
You are too injured to fight recklessly!
You are too injured to fight recklessly!
You are too injured to fight recklessly!
Firing (i - inventory. (,) - cycle):
e - 8 poisoned needles (quivered)
Press: ? - help, Shift-Dir - straight line, f - bat
Aim: a bat You shoot a poisoned needle.
The poisoned needle closely misses the bat.
The poisoned needle hits the orc.
The orc is poisoned.
The bat closely misses you. The bat completely misses you.
The orc priest mumbles some strange prayers to Beogh against you.
Something smites you!
You die...

#############
............# #.$$#.#
## ##._$..######...#
#.#####†.$$...@b.o..#
#.......####.#####o..o#
#.#####........ .g.# #.
#.####.... ..#
##..####.####..### .#
#............... ..
..........######## #
.#.#.###..# # # #.!#


You could see an orc priest, 2 orcs and a bat.

Vanquished Creatures
  A hound (D:2)
  An adder (D:2)
  An ooze (D:1)
  A worm (D:4)
  A giant gecko (D:3)
  An orc (D:3)
  2 giant cockroaches (D:1)
  3 hobgoblins
  5 kobolds (D:1)
  A ball python (D:2)
  4 bats
  2 giant newts (D:1)
  3 goblins
  4 jackals (D:2)
  6 rats
36 creatures vanquished.

Notes
Turn   | Place    | Note
--------------------------------------------------------------
     0 | D:1      | homeworkjunkie the Spriggan Assassin began the quest for the Orb.
     0 | D:1      | Reached XP level 1. HP: 10/10 MP: 2/2
    34 | D:1      | Reached skill level 6 in Stealth
   108 | D:1      | Reached XP level 2. HP: 9/14 MP: 3/3
  1026 | D:2      | Reached XP level 3. HP: 13/18 MP: 4/4
  1405 | D:2      | Found a faded altar to an unknown god.
  1540 | D:2      | Found a burning altar of Makhleb.
  1543 | D:2      | Reached skill level 7 in Stealth
  1543 | D:2      | Reached XP level 4. HP: 23/23 MP: 5/5
  1816 | D:3      | Found an opulent altar of Gozag.
  1836 | D:3      | Killed from afar by an orc priest

Action                   |  1- 3 |  4- 6 || total
-------------------------+-------+-------++-------
Melee: Dagger            |    36 |       ||    36
       Rapier            |    25 |    12 ||    37
 Fire: Blowgun           |       |     1 ||     1
  Use: Scroll            |     4 |     3 ||     7
 Stab: Sleeping          |    15 |     1 ||    16
       Distracted        |     1 |       ||     1
  Eat: Fruit             |     2 |       ||     2
